 Dungeon Crawl Stone Soup version 0.28-a0-823-gb444dcf96d (webtiles) character file.

Game seed: 1369789991310879621

1845 pokeman the Thaumaturge (level 8, 0/44 HPs)
             Began as a Deep Elf Hedge Wizard on Nov 9, 2021.
             Was a Follower of Vehumet.
             Slain by an orc warrior (18 damage)
             ... on level 6 of the Dungeon.
             The game lasted 00:14:11 (6101 turns).

pokeman the Thaumaturge (Deep Elf Hedge Wizard)     Turns: 6101, Time: 00:14:11

Health: 0/44       AC:  6    Str:  7    XL:     8   Next: 88%
Magic:  23/24      EV: 13    Int: 28    God:    Vehumet [*.....]
Gold:   299        SH:  0    Dex: 20    Spells: 17/28 levels left

rFire   . . .      SeeInvis .   s - +2 dagger (venom)
rCold   + . .      Faith    .   (no shield)
rNeg    . . .      Spirit   .   r - +2 leather armour {rC+}
rPois   .          Reflect  .   c - +0 hat
rElec   .          Harm     .   (no cloak)
rCorr   .          Rampage  .   q - +0 pair of gloves
Will    .....                   (no boots)
Stlth   ++........              h - amulet of magic regeneration
HPRegen 0.14/turn               a - +6 ring of dexterity
MPRegen 0.44/turn               i - +6 ring of intelligence

@: no status effects
A: no striking features
a: Renounce Religion


You were on level 6 of the Dungeon.
You worshipped Vehumet.
Vehumet was aware of your devotion.
You visited 1 branch of the dungeon, and saw 6 of its levels.

You collected 299 gold pieces.

Inventory:

Hand Weapons
 s - a +2 dagger of venom (weapon)
Missiles
 p - 71 bolts
Armour
 c - a +0 hat (worn)
 q - a +0 pair of gloves (worn)
 r - a +2 leather armour of cold resistance (worn)
Magical Staves
 l - a staff of earth
 x - a staff of air
Jewellery
 a - a +6 ring of dexterity (left hand)
 f - a +4 ring of evasion
 h - an amulet of magic regeneration (around neck)
 i - a +6 ring of intelligence (right hand)
Wands
 w - a wand of polymorph (8)
Scrolls
 d - 5 scrolls of identify {unknown}
 e - a scroll of enchant armour {unknown}
 g - 5 scrolls of teleportation {unknown}
 j - a scroll of amnesia {unknown}
 k - 2 scrolls of vulnerability {unknown}
 n - 2 scrolls of enchant weapon {unknown}
 o - a scroll of magic mapping {unknown}
 t - a scroll of torment {unknown}
Potions
 b - 2 potions of flight {unknown}
 m - 3 potions of curing
 u - a potion of resistance {unknown}
 v - a potion of heal wounds {unknown}


   Skills:
 - Level 2.0 Fighting
 + Level 2.5 Armour
 - Level 3.3 Dodging
 - Level 3.3 Stealth
 * Level 10.5 Spellcasting
 + Level 5.6 Conjurations
 - Level 1.1 Summonings
 - Level 1.1 Translocations
 + Level 4.1 Fire Magic
 - Level 1.3 Air Magic
 - Level 1.1 Earth Magic
 - Level 1.3 Poison Magic
 - Level 1.2 Evocations


You had 17 spell levels left.
You knew the following spells:

 Your Spells              Type           Power      Damage    Failure   Level
a - Magic Dart            Conj           100%       1d8       1%          1
b - Mephitic Cloud        Conj/Pois/Air  30%        N/A       5%          3
c - Call Imp              Summ           20%        N/A       5%          2
d - Blink                 Tloc           40%        N/A       5%          2
e - Conjure Flame         Conj/Fire      42%        6-21      2%          3

Your spell library contained the following spells:

 Spells                   Type           Power      Damage    Failure   Level
 Sandblast                Erth           42%        2d11      3%          1
 Slow                     Hex            56%        N/A       5%          1


Dungeon Overview and Level Annotations

Branches:
Dungeon (6/15)
 Temple: D:4-7

Altars:
Ashenzari
Fedhas
Qazlal
Vehumet
Zin

Shops:
D:4 (

Annotations:
D:6 3 runed translucent doors, cheechan's ghost, novice NaFi


Message History

Aim: an orc, wielding a +0 club (heavily wounded, 100% to hit)
The magic dart hits the orc.
You kill the orc!
Vehumet accepts your kill.
The orc shouts! x2
An orc warrior comes into view. It is wielding a +0 trident.
Unknown command.
Unknown command.
An orc comes into view. It is wielding a +0 dagger.
The orc warrior shouts!
The orc closely misses you.
The jelly jiggles.
The orc closely misses you. The orc misses you.
You hit the orc but do no damage.
The orc is poisoned.
The orc hits you with a +0 short sword.
You hit the orc.
The orc looks as sick as possible!
The orc is heavily wounded.
You kill the orc!
Vehumet accepts your kill.
Unknown command.
Casting: Magic Dart (safe; 1% risk of failure)
Confirm with . or Enter, or press ? or * to list all spells.
The fire begins to smoulder!
The orc closely misses you.
Unknown command.
The orc hits you with a +0 falchion.
The fire ignites!
You hit the orc.
The orc is poisoned.
The orc is heavily wounded.
The orc misses you.
The orc warrior hits you from afar with a +0 trident!
Unknown command.
You closely miss the orc.
The orc is almost dead.
You kill the orc!
Vehumet accepts your kill.
The orc warrior hits you from afar with a +0 trident!
Unknown command.
The jelly is engulfed in blazing flames.
The jelly misses you.
The orc warrior hits you from afar with a +0 trident!!
You die...

(.(. #.....# #########.....#
#.............# #..#..........#
##.###..##.....# ##..#
#..###....# ..####..##
##o##.....####++## ........##
#.J#..###...........
...####..###..@.## ##..(.......
. ##.....##.## ##..........
#....###..###........... #
###..####........##......
..#####......##..####...##.....
.....#...###....## #....###...
#....## ###.## #..........
##...## #..# ##..#...###.
#....## ##.# #.....### ##


You could see an orc warrior and a jelly.

Vanquished Creatures
  Menkaure (D:4)
  Edmund (D:5)
  A water moccasin (D:5)
  An orc warrior (D:5)
  A black bear (D:4)
  An ice beast (D:5)
  A necrophage (D:5)
  4 ogres
  A kobold brigand (D:5)
  3 scorpions
  4 killer bees (D:5)
  2 jellies
  A hound (D:5)
  2 bullfrog skeletons
  2 iguanas
  An orc wizard (D:4)
  A scorpion zombie (D:5)
  A killer bee zombie (D:4)
  2 adders
  A howler monkey skeleton (D:5)
  2 white imps
  An adder skeleton (D:4)
  3 worms
  9 orcs
  7 ball pythons
  7 endoplasms
  A giant cockroach (D:4)
  5 goblins
  5 hobgoblins
  3 jackals (D:3)
  13 kobolds
  3 quokkas
  A bat (D:1)
  3 frilled lizards
  6 rats
101 creatures vanquished.

Vanquished Creatures (collateral kills)
  A hobgoblin (D:4)
1 creature vanquished.

Vanquished Creatures (others)
  A plant (D:3)
1 creature vanquished.

Grand Total: 103 creatures vanquished

Notes
Turn   | Place    | Note
-------+----------+-------------------------------------------
     0 | D:1      | pokeman the Deep Elf Hedge Wizard began the quest for the
                  | Orb.
     0 | D:1      | Reached XP level 1. HP: 10/10 MP: 7/7
   528 | D:1      | Reached XP level 2. HP: 16/16 MP: 1/9
   676 | D:1      | Found a faded altar of an unknown god.
  1198 | D:2      | Reached skill level 5 in Spellcasting
  1397 | D:2      | Reached XP level 3. HP: 20/20 MP: 8/11
  1403 | D:2      | Learned a level 3 spell: Mephitic Cloud
  1406 | D:2      | Learned a level 2 spell: Call Imp
  1409 | D:2      | Learned a level 2 spell: Blink
  1413 | D:2      | Learned a level 3 spell: Conjure Flame
  1442 | D:2      | HP: 1/20 [poisoned by an adder]
  1959 | D:3      | Found a glowing silver altar of Zin.
  1978 | D:3      | Found a blossoming altar of Fedhas.
  2050 | D:3      | Reached skill level 1 in Armour
  2117 | D:3      | Reached skill level 1 in Fighting
  2656 | D:3      | Reached XP level 4. HP: 25/25 MP: 11/13
  2849 | D:3      | You fall into a shaft and drop 1 floor!
  2849 | D:4      | Noticed a scorpion
  2849 | D:4      | Noticed an ogre
  2871 | D:4      | Killed a scorpion
  2872 | D:4      | Reached skill level 1 in Fire Magic
  2876 | D:4      | Killed an ogre
  2877 | D:4      | Reached skill level 6 in Spellcasting
  2877 | D:4      | Reached XP level 5. HP: 29/29 MP: 11/15
  2919 | D:4      | You fall into a shaft and drop 2 floors!
  2919 | D:6      | Noticed an ogre
  2936 | D:6      | Killed an ogre
  2937 | D:6      | Reached skill level 1 in Air Magic
  2937 | D:6      | Reached XP level 6. HP: 34/34 MP: 13/17
  2990 | D:5      | Entered Level 5 of the Dungeon
  3034 | D:5      | Noticed a water moccasin
  3048 | D:5      | Killed a water moccasin
  3049 | D:5      | Reached skill level 7 in Spellcasting
  3049 | D:5      | Reached skill level 1 in Earth Magic
  3211 | D:5      | Reached XP level 7. HP: 23/38 MP: 17/20
  3219 | D:5      | Reached skill level 1 in Poison Magic
  3219 | D:5      | Reached skill level 1 in Evocations
  3411 | D:4      | Noticed Menkaure
  3422 | D:4      | Killed Menkaure
  3423 | D:4      | Reached skill level 8 in Spellcasting
  3692 | D:4      | Found a broken altar of Ashenzari.
  3692 | D:4      | Found a radiant altar of Vehumet.
  3700 | D:4      | Became a worshipper of Vehumet
  3860 | D:4      | Found Ystroyh's Weapon Shoppe.
  3924 | D:4      | Found a stormy altar of Qazlal.
  4266 | D:4      | Reached XP level 8. HP: 44/44 MP: 15/22
  4320 | D:4      | Reached skill level 9 in Spellcasting
  4944 | D:5      | Reached skill level 5 in Conjurations
  4988 | D:5      | Noticed Edmund
  5003 | D:5      | Killed Edmund
  5077 | D:5      | Reached skill level 10 in Spellcasting
  5377 | D:5      | Reached * piety under Vehumet
  5377 | D:5      | Offered knowledge of Sandblast by Vehumet.
  6054 | D:6      | Found a runed translucent gate.
  6054 | D:6      | Found a runed translucent gate.
  6054 | D:6      | Found a runed translucent gate.
  6054 | D:6      | Noticed cheechan's ghost (novice NaFi)
  6101 | D:6      | Slain by an orc warrior

Illustrated notes

Levels and vault maps discovered:
D:1:      saegor_arrival_simple_a, layout_basic,
          hellmonk_ecumenical_altar_blasted
D:2:      layout_basic, minmay_tetromino_s2
D:3:      layout_loops_corners, fedhas_altar_2, mainiacjoe_overflow_catwalk,
          serial_forest, infiniplex_forest_clump_diagonal,
          infiniplex_forest_end_1, infiniplex_forest_clump_double,
          infiniplex_forest_clump_small, infiniplex_forest_straight_4,
          infiniplex_forest_clump_medium
D:4:      layout_loops_cross, lemuel_coloured_pillars_altar,
          jmf_multi_god_temple, serial_shops, shop_statue, minmay_hedge_maze,
          kennysheep_small_circle, uniq_menkaure
D:5:      layout_loops_corners, uniq_edmund
D:6:      layout_layer_cave, temple_hall_moat, ebering_ghost_rock_garden,
          serial_shops, nicolae_shop_behind_doors, kennysheep_generic_room_7

Skill      XL: |  1  2  3  4  5  6  7  8 |
---------------+-------------------------+-----
Spellcasting   | 5 6 7 8 10 | 10.5
Armour         | 1 2 |  2.5
Conjurations   | 2 3 4 5 |  5.6
Fighting       | 1 2 |  2.0
Fire Magic     | 1 2 4 |  4.1
Dodging        | 3 |  3.3
Air Magic      | 1 |  1.3
Stealth        | 3 |  3.3
Earth Magic    | 1 |  1.1
Poison Magic   | 1 |  1.3
Evocations     | 1 |  1.2
Summonings     | |  1.1
Translocations | |  1.1

Action                   |  1- 3 |  4- 6 |  7- 9 || total
-------------------------+-------+-------+-------++-------
Melee: Dagger            |    20 |     8 |    49 ||    77
 Cast: Magic Dart        |    90 |    14 |   107 ||   211
       Mephitic Cloud    |     1 |     3 |     7 ||    11
       Conjure Flame     |       |     3 |    13 ||    16
       Call Imp          |       |     1 |       ||     1
       Blink             |       |       |     1 ||     1
  Use: Potion            |       |       |     1 ||     1
 Stab: Sleeping          |     2 |       |       ||     2
       Confused          |     1 |     1 |     3 ||     5
Armor: Robe              |     2 |       |       ||     2
       Leather armour    |     3 |     3 |    11 ||    17
Dodge: Dodged            |    12 |    11 |    34 ||    57

Table legend: (Time is in decaauts)
 A = Elapsed time spent in this place.
 B = Non-inter-level travel time spent in this place.
 C = Inter-level travel time spent in this place.
 D = Time resting spent in this place.
 E = Time spent auto-exploring this place.
 F = Levels seen in this place.
 G = Mean time per level.
                   A        B        C        D        E       F      G
               +--------+--------+--------+--------+--------+-----+--------+
         Total |   6102 |   5929 |    173 |      0 |   5142 |   6 | 1017.0 |
       Dungeon |   6102 |   5929 |    173 |      0 |   5142 |   6 | 1017.0 |
               +--------+--------+--------+--------+--------+-----+--------+

Top non-repeatable levels by time:
     D:5: 1485 daAuts
     D:4: 1264 daAuts
     D:3: 1196 daAuts
     D:1: 993 daAuts
     D:2: 778 daAuts
     D:6: 384 daAuts
